 Dungeon Crawl Stone Soup version 0.28.0-53-g5a82cb258f (webtiles) character file.

Game seed: 3138271208114719461

1133 cbfl8 the Chopper (level 8, 0/85 (93) HPs)
             Began as a Demonspawn Berserker on Sept 9, 2022.
             Was a Priest of Trog.
             Slain by a wight
             ... wielding a +2 trident of freezing
              (2 damage)
             ... on level 5 of the Dungeon.
             The game lasted 00:06:06 (6589 turns).

cbfl8 the Chopper (Demonspawn Berserker)            Turns: 6589, Time: 00:06:06

HP:   0/85 (93)     AC:  4    Str: 19    XL:     8   Next: 14%
MP:   8/8           EV: 13    Int: 12    God:    Trog [***...]
Gold: 294           SH:  0    Dex: 14    Spells: 7/7 levels left

rFire   . . .      SeeInvis .   l - +3 battleaxe
rCold   . . .      Faith    .   (shield currently unavailable)
rNeg    . . .      Spirit   .   b - +0 animal skin
rPois   .          Reflect  .   d - +0 helmet
rElec   .          Harm     .   f - +0 cloak
rCorr   .          Rampage  .   (no gloves)
Will    .....                   (no boots)
Stlth   ..........              (no amulet)
HPRegen 0.24/turn               (no ring)
MPRegen 0.11/turn               (no ring)

@: berserking (expiring), drained, very quick
A: big brain 2, demonic magic 1
a: Renounce Religion, Berserk, Trog's Hand


You were on level 5 of the Dungeon.
You worshipped Trog.
Trog was most pleased with you.
You visited 1 branch of the dungeon, and saw 5 of its levels.

You collected 294 gold pieces.

Inventory:

Hand Weapons
 l - a +3 battleaxe (weapon)
Armour
 b - a +0 animal skin (worn)
 d - a +0 helmet (worn)
 f - a +0 cloak (worn)
Jewellery
 r - a +4 ring of slaying
Wands
 n - a wand of iceblast (8)
Scrolls
 c - a scroll of summoning {unknown}
 g - a scroll of fog {unknown}
 h - 2 scrolls of immolation {unknown}
 k - 3 scrolls of teleportation {unknown}
 m - 2 scrolls of identify {unknown}
 o - a scroll of holy word {unknown}
 s - a scroll of fear {unknown}
Potions
 a - 2 potions of flight {unknown}
 e - 2 potions of heal wounds {unknown}
 i - a potion of degeneration {unknown}
 j - 3 potions of curing {unknown}
 p - a potion of haste {unknown}
 q - a potion of attraction {unknown}


   Skills:
 + Level 5.3 Fighting
 + Level 6.9 Axes
 + Level 1.8 Armour
 + Level 4.2 Dodging
 + Level 2.0 Stealth


You had 7 spell levels left.
You didn't know any spells.
Your spell library was empty.

Dungeon Overview and Level Annotations

Branches:
Dungeon (5/15)
 Temple: D:4-7

Altars:
Cheibriados
Dithmenos
Xom
Yredelemnul
Zin

Shops:
D:3 !


Innate Abilities, Weirdness & Mutations

You have an extremely huge brain. (Int +4)
Spells you cast may paralyse adjacent enemies.


Message History

The wight hits you with a +3 morningstar of freezing!
The wight freezes you.
The wight hits you from afar with a +2 trident of freezing!
You feel drained. The wight freezes you.
Unknown command.
You closely miss the wight. You barely miss the wight.
The wight closely misses you. The wight misses you.
The wight hits you from afar with a +2 trident of freezing!
The wight freezes you.
Unknown command.
You are too injured to fight recklessly!
Unknown command.
You are too injured to fight recklessly!
Unknown command.
You are too injured to fight recklessly!
Unknown command.
You are too injured to fight recklessly!
You slice the wight!!
You destroy the wight!
Trog accepts your kill.
You hit the wight.
The wight hits you with a +3 morningstar of freezing.
The wight freezes you.
The wight hits you from afar with a +2 halberd.
You feel drained.
The wight hits you from afar with a +2 trident of freezing!
* * * LOW HITPOINT WARNING * * *
The wight freezes you.
* * * LOW HITPOINT WARNING * * *
You barely miss the wight.
The wight is moderately damaged.
The wight barely misses you.
The wight hits you from afar with a +2 halberd!
* * * LOW HITPOINT WARNING * * *
You feel drained.
* * * LOW HITPOINT WARNING * * *
The wight hits you from afar with a +2 trident of freezing.
* * * LOW HITPOINT WARNING * * *
You feel drained.
You die...

#..........................
#..........................
#..........................
###..##.##.##+#####....####
########..##.##.##.##.##....##..
#..................#........#...
#..................#........#...
#..................#........'...
#............##@...##.......##..
###....##.....##)z..##.......##..
.##....#########zz...........##..
........# ..............#...
........# ..............+...
........+ +..............#...
######### ##....########.#### .##
...###....## ##.##.. ..#
............# #......


You could see 3 wights.

Vanquished Creatures
  A black bear (D:5)
  2 ogres (D:4)
  2 phantoms (D:4)
  A kobold brigand (D:4)
  2 scorpions
  2 wights (D:5)
  A centaur zombie (D:5)
  2 hounds (D:4)
  2 jellies
  2 iguanas
  A mummy (D:4)
  7 gnolls
  9 adders
  An ufetubus (D:5)
  2 dart slugs
  9 orcs
  6 bats
  4 endoplasms
  4 giant cockroaches
  6 goblins
  13 hobgoblins
  4 quokkas
  A ball python (D:4)
  2 frilled lizards
  4 kobolds
  5 rats
95 creatures vanquished.

Vanquished Creatures (others)
  A plant (D:1)
1 creature vanquished.

Grand Total: 96 creatures vanquished

Notes
Turn   | Place    | Note
-------+----------+-------------------------------------------
     0 | D:1      | cbfl8 the Demonspawn Berserker began the quest for the Orb.
     0 | D:1      | Reached XP level 1. HP: 18/18 MP: 1/1
   401 | D:1      | Gained mutation: You have an unusually large brain. (Int
                  | +2) [demonic ancestry]
   401 | D:1      | Reached XP level 2. HP: 24/24 MP: 2/2
   647 | D:1      | Reached skill level 3 in Axes
  1110 | D:1      | Found a faded altar of an unknown god.
  1180 | D:1      | Reached XP level 3. HP: 28/29 MP: 3/3
  1232 | D:2      | Reached ** piety under Trog
  2338 | D:2      | Gained mutation: Spells you cast may paralyse adjacent
                  | enemies. [demonic ancestry]
  2338 | D:2      | Reached XP level 4. HP: 36/36 MP: 4/4
  2431 | D:3      | Found Wiyduri's Distillery.
  2794 | D:3      | Found a basalt altar of Yredelemnul.
  2795 | D:3      | Found a shadowy altar of Dithmenos.
  3210 | D:3      | Reached XP level 5. HP: 28/42 MP: 5/5
  3467 | D:3      | Reached skill level 4 in Axes
  3724 | D:4      | Reached skill level 1 in Stealth
  3758 | D:4      | Noticed an ogre
  3765 | D:4      | Killed an ogre
  4022 | D:4      | Reached XP level 6. HP: 12/48 MP: 6/6
  4538 | D:4      | Found a shimmering altar of Xom.
  4636 | D:4      | Reached skill level 5 in Axes
  4891 | D:4      | Gained mutation: You have an extremely huge brain. (Int +4)
                  | [demonic ancestry]
  4891 | D:4      | Reached XP level 7. HP: 47/55 MP: 7/7
  5128 | D:4      | Reached *** piety under Trog
  5129 | D:4      | Reached skill level 6 in Axes
  5365 | D:4      | Found a snail-covered altar of Cheibriados.
  5586 | D:5      | Entered Level 5 of the Dungeon
  5593 | D:5      | Reached skill level 5 in Fighting
  6017 | D:5      | Reached XP level 8. HP: 17/62 MP: 8/8
  6589 | D:5      | HP: 2/88 [wight/+2 trident of freezing (4)]
  6589 | D:5      | Slain by a wight

Illustrated notes

Levels and vault maps discovered:
D:1:      psy_arrival_dodecagon, layout_loops_cross,
          shapermc_ecumenical_altar_acropolis
D:2:      layout_loops_cross
D:3:      layout_loops_corners, chequers_temple_overflow_statue_of_worship,
          serial_shops, shop
D:4:      layout_basic, slow_altar_2, mainiacjoe_overflow_24_doors,
          minmay_ruptured
D:5:      layout_gridville

Skill      XL: |  1  2  3  4  5  6  7  8 |
---------------+-------------------------+-----
Dodging        | 2 3 4 |  4.2
Axes           | 3 4 5 6 |  6.9
Stealth        | 1 2 |  2.0
Fighting       | 4 5 |  5.3
Armour         | |  1.8

Action                   |  1- 3 |  4- 6 |  7- 9 || total
-------------------------+-------+-------+-------++-------
Melee: Hand axe          |   121 |       |       ||   121
       Battleaxe         |       |   100 |    72 ||   172
Invok: Berserk           |     1 |     2 |     1 ||     4
 Stab: Sleeping          |     1 |       |       ||     1
       Distracted        |       |     1 |       ||     1
Armor: Animal skin       |    45 |    24 |    16 ||    85
Dodge: Dodged            |    95 |    76 |    58 ||   229
